Map: Catalyst LE

Players

axu - Winner!

  • Race: Protoss Protoss
  • League: Platinum
  • Spawn Location: 5:00

gayver

  • Race: Terran Terran
  • League: Platinum
  • Spawn Location: 11:00

VOD

Have the link to the VOD?

Description

Time

  • Played on: April 11, 2018, 9:02 a.m.
  • Length: 9:13
Show
View Real Time Build Order
Export as new Build Order

axu Protoss - Winner!

Build Orders: 1 Gate Expand 

Get SALT Encoding   

  12  0:02  Probe  
  13  0:14  Probe  
  13  0:19  Pylon  
  14  0:26  Probe  
  15  0:39  Probe  
  15  0:42  Gateway  
  16  0:51  Probe  
  17  0:57  Assimilator  
  17  1:03  Probe (Chrono Boost)  
  18  1:15  Probe (Chrono Boost)  
  19  1:32  Nexus  
  19  1:42  Cybernetics Core  
  19  1:52  Probe  
  20  1:59  Assimilator  
  20  2:04  Probe  
  21  2:09  Pylon  
  21  2:16  Probe  
  21  2:18  Warp Gate  
  22  2:25  Adept (Chrono Boost)  
  22  2:28  Probe  
  25  2:39  Gateway x2  
  25  2:40  Probe  
  25  2:52  Probe  
  25  2:55  Stalker  
  29  3:12  Probe  
  29  3:13  Probe  
  30  3:25  Probe x2  
  32  3:35  Robotics Facility  
  32  3:37  Stalker x2, Probe  
  32  3:38  Stalker  
  39  3:48  Probe (Chrono Boost)  
  39  3:51  Twilight Council  
  41  3:55  Probe (Chrono Boost)  
  41  3:58  Probe (Chrono Boost)  
  41  4:01  Probe (Chrono Boost)  
  43  4:08  Pylon  
  43  4:13  Pylon  
  43  4:18  Probe  
  43  4:19  Probe  
  45  4:27  Observer  
  45  4:30  Probe  
  45  4:31  Probe  
  48  4:34  Blink (Chrono Boost)  
  48  4:40  Stalker  
  48  4:41  Stalker  
  48  4:43  Probe x2  
  54  4:47  Assimilator  
  54  4:49  Assimilator  
  54  4:55  Probe  
  55  5:05  Probe  
  56  5:07  Stalker, Probe  
  56  5:08  Stalker  
  61  5:17  Probe  
  62  5:31  Pylon  
  62  5:34  Pylon  
  62  5:38  Pylon  
  62  5:47  Immortal (Chrono Boost), Nexus  
  62  5:51  Pylon  
  62  5:54  Pylon  
  66  6:01  Gateway  
  66  6:02  Stalker, Gateway  
  66  6:03  Stalker  
  70  6:04  Stalker  
  72  6:13  Shield Battery x2  
  72  6:15  Probe x2  
  74  6:20  Observer  
  74  6:23  Shield Battery  
  75  6:25  Shield Battery  
  75  6:27  Probe x2  
  75  6:32  Pylon  
  77  6:35  Forge  
  77  6:37  Forge  
  77  7:21  Stalker x2  
  77  7:22  Stalker  
  81  7:26  Probe x3  
  88  7:37  Immortal  
  88  7:38  Probe x3  
  85  7:50  Stalker x4  
  85  7:51  Stalker  
  89  8:18  Stalker x4  
  89  8:19  Stalker  
  99  8:25  Immortal  
  103  8:30  Pylon  
  103  8:32  Pylon  
  103  8:35  Templar Archives, Probe x3  
  103  8:39  Assimilator  
  106  8:43  Assimilator  
  106  8:47  Probe x3  
Show
View Real Time Build Order
Export as new Build Order

gayver Terran 

Build Orders: Reaper Expand, MMM Bio 

Get SALT Encoding   

  12  0:01  SCV  
  13  0:13  SCV  
  14  0:24  Supply Depot  
  14  0:25  SCV  
  15  0:31  Refinery  
  15  0:46  SCV  
  15  0:48  Barracks  
  16  0:58  SCV  
  17  1:10  SCV  
  18  1:16  Supply Depot  
  18  1:22  SCV  
  19  1:40  Reaper  
  20  1:49  Orbital Command  
  20  1:57  Supply Depot  
  20  2:17  SCV  
  20  2:21  Command Center  
  21  2:39  Barracks Tech Lab  
  21  2:42  Factory  
  21  2:44  Barracks  
  21  2:57  SCV  
  21  3:11  Marauder  
  22  3:22  Concussive Shells  
  22  3:25  SCV  
  23  3:31  Engineering Bay, Barracks  
  23  3:34  Supply Depot  
  23  3:35  Barracks Tech Lab  
  23  3:37  Marauder  
  25  3:47  Orbital Command  
  25  3:49  SCV  
  26  3:57  Marauder  
  26  3:58  Supply Depot  
  28  4:03  Missile Turret  
  28  4:09  Combat Shields  
  29  4:13  Factory Tech Lab  
  29  4:14  SCV  
  30  4:17  Orbital Command  
  30  4:23  Barracks Tech Lab  
  29  4:29  Stimpack  
  29  4:31  SCV  
  30  4:34  Refinery  
  30  4:37  Marine x2  
  32  4:42  SCV  
  32  4:43  SCV  
  32  4:45  Missile Turret  
  32  4:56  Marine  
  30  5:06  Bunker  
  28  5:07  Marine x2  
  28  5:09  Orbital Command  
  30  5:16  Siege Tank  
  33  5:21  Command Center  
  33  5:22  Marine, SCV  
  33  5:25  Marine  
  33  5:27  Marine  
  37  5:34  SCV  
  38  5:37  SCV  
  38  5:40  Marauder  
  38  5:42  Hi-Sec Auto Tracking  
  41  5:43  Marauder  
  41  5:48  Marine  
  44  5:54  Orbital Command  
  44  6:02  Marauder, Bunker  
  46  6:04  Marine  
  46  6:07  Marauder  
  49  6:14  SCV  
  50  6:20  Refinery, SCV  
  50  6:22  Refinery, Marauder  
  50  6:23  Marine  
  54  6:26  SCV  
  54  6:28  Marine  
  54  6:32  SCV  
  57  6:40  Marine  
  57  6:43  Marine, SCV  
  57  6:44  Supply Depot  
  57  6:45  Marine  
  59  6:58  Marine  
  59  7:02  Marauder, Siege Tank  
  59  7:03  Marine  
  59  7:08  Supply Depot  
  63  7:16  Marine  
  63  7:22  Marauder  
  65  7:23  Marauder, SCV  
  65  7:28  Starport  
  65  7:29  Starport  
  68  7:34  Marine  
  69  7:42  Marine  
  69  7:44  Marine  
  58  7:52  Marine  
  55  7:58  SCV  
  55  7:59  SCV  
  55  8:00  Marine  
  55  8:01  Siege Tank  
  55  8:02  Marine  
  56  8:09  Marine  
  56  8:11  SCV  
  54  8:13  Orbital Command  
  54  8:17  Medivac x2  
  54  8:19  Marauder  
  57  8:20  Marauder  
  57  8:23  SCV  
  57  8:24  SCV  
  61  8:30  Factory  
  61  8:35  Supply Depot  
  61  8:42  Sensor Tower  
  61  8:43  Supply Depot  
Tags
 
Add a new tag
Caveats
  • Supply blocks, unpowered buildings, or Contaminate may cause inaccurate times.
  • Supply counts are checked every 10 seconds.